PBL
ROSWELL INVADERS @ JOPLIN BLASTERS
08/19/2049
 
TOP OF THE 1ST
Roswell Invaders batting - Pitching for Joplin Blasters : RHP Abban Sartika
Pitching: RHP Abban Sartika
Batting: LHB Marshall Rives 0-0: Hit by Pitch
Batting: RHB T.J. House 0-0: Ball
1-0: Called Strike
Marshall Rives is caught stealing 2nd base 2-4
1-1: Ball
2-1: DOUBLE (Line Drive, 78D, EV 111.2 MPH)
Batting: RHB Juan Mejia 0-0: Foul Ball, location: 2F
0-1: Called Strike
0-2: Ball
1-2: Ball
2-2: Ground out U3 (Groundball, 34S, EV 83.1 MPH)
T.J. House to third
Batting: LHB Andrew Moore 0-0: Ground out 6-3 (Groundball, 6, EV 85.6 MPH)
Top of the 1st over - 0 runs, 1 hit, 0 errors, 1 left on base; Roswell 0 - Joplin 0
BOTTOM OF THE 1ST
Joplin Blasters batting - Pitching for Roswell Invaders : RHP Mamadou Morand
Pitching: RHP Mamadou Morand
Batting: RHB Angel Melendez 0-0: Ball
1-0: Fly out, F4 (Popup, 34D, EV 54.4 MPH)
Batting: RHB Mike Stokes 0-0: Called Strike
0-1: Foul Ball, location: 2F
0-2: Ball
1-2: Ball
2-2: Strikes out looking
Batting: RHB Dustin Peterson 0-0: Called Strike
0-1: Ground out 1-3 (Groundball, P, EV 63.8 MPH)
Bottom of the 1st over - 0 runs, 0 hits, 0 errors, 0 left on base; Roswell 0 - Joplin 0
TOP OF THE 2ND
Roswell Invaders batting - Pitching for Joplin Blasters : RHP Abban Sartika
Batting: RHB Cullen Kelley 0-0: Fly out, F8 (Flyball, 8LD, EV 92.5 MPH)
Batting: LHB Andy Fischer 0-0: Called Strike
0-1: Ball
1-1: Swinging Strike
1-2: Ball
2-2: Foul Ball, location: 2F
2-2: Ball
3-2: Foul Ball, location: 2F
3-2: Strikes out swinging
Batting: LHB Matt Tanner 0-0: Ball
1-0: Foul Ball, location: 2F
1-1: Swinging Strike
1-2: Strikes out swinging
Top of the 2nd over - 0 runs, 0 hits, 0 errors, 0 left on base; Roswell 0 - Joplin 0
BOTTOM OF THE 2ND
Joplin Blasters batting - Pitching for Roswell Invaders : RHP Mamadou Morand
Batting: RHB Abban Sartika 0-0: Ball
1-0: Fly out, F8 (Flyball, 8RXD, EV 93.8 MPH)
Batting: RHB Steve Huebner 0-0: Ball
1-0: Called Strike
1-1: Foul Ball, location: 2F
1-2: Ball
2-2: Ball
3-2: Strikes out swinging
Batting: LHB Willie Marquez 0-0: Ball
1-0: Ground out 4-3 (Groundball, 13, EV 90.6 MPH)
Bottom of the 2nd over - 0 runs, 0 hits, 0 errors, 0 left on base; Roswell 0 - Joplin 0
TOP OF THE 3RD
Roswell Invaders batting - Pitching for Joplin Blasters : RHP Abban Sartika
Batting: RHB Dan Long 0-0: Ball
1-0: Ball
2-0: Swinging Strike
2-1: Called Strike
2-2: Strikes out looking
Batting: SHB Sandy Burke 0-0: Foul Ball, location: 2F
0-1: Foul Ball, location: 2F
0-2: Strikes out looking
Batting: LHB Marshall Rives 0-0: Foul Ball, location: 2F
0-1: Ball
1-1: Called Strike
1-2: Strikes out swinging
Top of the 3rd over - 0 runs, 0 hits, 0 errors, 0 left on base; Roswell 0 - Joplin 0
BOTTOM OF THE 3RD
Joplin Blasters batting - Pitching for Roswell Invaders : RHP Mamadou Morand
Batting: RHB Jin-hoi Hur 0-0: Ball
1-0: Called Strike
1-1: Foul Ball, location: 2F
1-2: Fly out, F8 (Flyball, 8LM, EV 86.9 MPH)
Batting: LHB Josh Lane 0-0: Fly out, F7 (Flyball, 7, EV 83.8 MPH)
Batting: RHB Donnie Bednarz 0-0: Ball
1-0: Ground out 5-3 (Groundball, 56S, EV 80.6 MPH)
Bottom of the 3rd over - 0 runs, 0 hits, 0 errors, 0 left on base; Roswell 0 - Joplin 0
TOP OF THE 4TH
Roswell Invaders batting - Pitching for Joplin Blasters : RHP Abban Sartika
Batting: RHB T.J. House 0-0: Fly out, F8 (Line Drive, 8RD, EV 94.4 MPH)
Batting: RHB Juan Mejia 0-0: Ball
1-0: Foul Ball, location: 2F
1-1: Ball
2-1: Ball
3-1: Swinging Strike
3-2: Foul Ball, location: 2F
3-2: Foul Ball, location: 2F
3-2: Base on Balls
Batting: LHB Andrew Moore 0-0: Foul Ball, location: 2F
0-1: Foul Ball, location: 2F
0-2: Strikes out swinging
Batting: RHB Cullen Kelley 0-0: Called Strike
0-1: Ball
1-1: Ball
2-1: Hit by Pitch
Juan Mejia to second
Batting: LHB Andy Fischer 0-0: Called Strike
0-1: Ball
1-1: Called Strike
1-2: Strikes out swinging
Top of the 4th over - 0 runs, 0 hits, 0 errors, 2 left on base; Roswell 0 - Joplin 0
BOTTOM OF THE 4TH
Joplin Blasters batting - Pitching for Roswell Invaders : RHP Mamadou Morand
Batting: RHB Angel Melendez 0-0: Called Strike
0-1: Ball
1-1: Ball
2-1: Called Strike
2-2: Strikes out swinging
Batting: RHB Mike Stokes 0-0: Ball
1-0: Fly out, F7 (Flyball, 7LS, EV 96.2 MPH)
Batting: RHB Dustin Peterson 0-0: Ball
1-0: Ball
2-0: Called Strike
2-1: Fly out, F7 (Line Drive, 7S, EV 96.2 MPH)
Bottom of the 4th over - 0 runs, 0 hits, 0 errors, 0 left on base; Roswell 0 - Joplin 0
TOP OF THE 5TH
Roswell Invaders batting - Pitching for Joplin Blasters : RHP Abban Sartika
Batting: LHB Matt Tanner 0-0: Ball
1-0: Foul Ball, location: 2F
1-1: Ball
2-1: Foul Ball, location: 2F
2-2: Foul Ball, location: 2F
2-2: Foul Ball, location: 2F
2-2: Strikes out swinging
Pitching: RHP Robert Carlos
Batting: RHB Dan Long 0-0: Ball
1-0: Fly out, F7 (Flyball, 7LSF, EV 95.6 MPH)
Batting: SHB Sandy Burke 0-0: Ground out 6-3 (Groundball, 6, EV 78.1 MPH)
Top of the 5th over - 0 runs, 0 hits, 0 errors, 0 left on base; Roswell 0 - Joplin 0
BOTTOM OF THE 5TH
Joplin Blasters batting - Pitching for Roswell Invaders : RHP Mamadou Morand
Batting: RHB Abban Sartika 0-0: Called Strike
0-1: Ball
1-1: Ball
2-1: Ball
3-1: SINGLE (Line Drive, 6MD, EV 106.9 MPH)
Batting: RHB Steve Huebner 0-0: Foul Ball, location: 2F
0-1: Foul Ball, location: 2F
0-2: Foul Ball, location: 2F
0-2: Foul Ball, location: 2F
0-2: SINGLE (Groundball, 56D, EV 106.9 MPH)
Abban Sartika to second
Batting: LHB Willie Marquez 0-0: Grounds into double play, 4-6-3 (Groundball, 4, EV 86.2 MPH)
Abban Sartika to third
Batting: RHB Jin-hoi Hur 0-0: Foul Ball, location: 2F
0-1: Called Strike
0-2: Fly out, F9 (Flyball, 9D, EV 101.2 MPH)
Bottom of the 5th over - 0 runs, 2 hits, 0 errors, 1 left on base; Roswell 0 - Joplin 0
TOP OF THE 6TH
Roswell Invaders batting - Pitching for Joplin Blasters : RHP Robert Carlos
Batting: LHB Marshall Rives 0-0: Ball
1-0: Foul Ball, location: 2F
1-1: Hit by Pitch
Batting: RHB T.J. House 0-0: Ball
1-0: Called Strike
1-1: Ball
2-1: Fly out, F4 (Popup, 34, EV 75.6 MPH)
Batting: RHB Juan Mejia 0-0: SINGLE (Groundball, 34D, EV 97.5 MPH)
Marshall Rives to second
Runner from 2nd tries for 3rd, SAFE, throw by RF made to third
Juan Mejia to second
Batting: LHB Andrew Moore 0-0: Ball
1-0: Ball
2-0: Ground out U3 (Groundball, 34S, EV 76.2 MPH)
Pinch Hitting: LHB Josh Snyder 0-0: DOUBLE (Line Drive, 5D, EV 107.5 MPH)
Marshall Rives scores
Juan Mejia scores
Batting: LHB Andy Fischer 0-0: Foul Ball, location: 2F
0-1: Ball
1-1: Ball
2-1: Ball
3-1: Foul Ball, location: 2F
3-2: Fly out, F5 (Popup, P, EV 83.8 MPH)
Top of the 6th over - 2 runs, 2 hits, 0 errors, 1 left on base; Roswell 2 - Joplin 0
BOTTOM OF THE 6TH
Joplin Blasters batting - Pitching for Roswell Invaders : RHP Mamadou Morand
Now at SS: Benjie Alejandro
Batting: LHB Josh Lane 0-0: Called Strike
0-1: Ball
1-1: Ball
2-1: Called Strike
2-2: Strikes out swinging
Batting: RHB Donnie Bednarz 0-0: Called Strike
0-1: Ball
1-1: Called Strike
1-2: Ball
2-2: Fly out, F9 (Flyball, 9S, EV 78.8 MPH)
Batting: RHB Angel Melendez 0-0: Foul Ball, location: 2F
0-1: Swinging Strike
0-2: Strikes out looking
Bottom of the 6th over - 0 runs, 0 hits, 0 errors, 0 left on base; Roswell 2 - Joplin 0
TOP OF THE 7TH
Roswell Invaders batting - Pitching for Joplin Blasters : RHP Robert Carlos
Batting: LHB Matt Tanner 0-0: Foul Ball, location: 2F
0-1: Ball
1-1: Foul Ball, location: 2F
1-2: Strikes out swinging
Batting: RHB Hidemitsu Matsuno 0-0: Ground out U3 (Groundball, 3, EV 106.9 MPH)
Batting: SHB Sandy Burke 0-0: Ground out 4-3 (Groundball, 4, EV 90.0 MPH)
Top of the 7th over - 0 runs, 0 hits, 0 errors, 0 left on base; Roswell 2 - Joplin 0
BOTTOM OF THE 7TH
Joplin Blasters batting - Pitching for Roswell Invaders : RHP Mamadou Morand
Batting: RHB Mike Stokes 0-0: Called Strike
0-1: Ball
1-1: Ball
2-1: Called Strike
2-2: Ball
3-2: SINGLE (Line Drive, 6MD, EV 96.2 MPH)
Batting: RHB Dustin Peterson 0-0: Fly out, F8 (Flyball, 8LD, EV 90.6 MPH)
Batting: RHB Abban Sartika 0-0: Called Strike
0-1: Ball
1-1: Ball
2-1: Ball
3-1: SINGLE (Line Drive, 89S, EV 92.5 MPH)
Mike Stokes to second
Pinch Hitting: RHB Mike McClung 0-0: Called Strike
0-1: Swinging Strike
0-2: Fly out, F7 (Flyball, 78S, EV 76.9 MPH)
Batting: LHB Willie Marquez 0-0: Called Strike
0-1: Foul Ball, location: 2F
0-2: Ball
1-2: Foul Ball, location: 2F
1-2: Foul Ball, location: 2F
1-2: Strikes out swinging
Bottom of the 7th over - 0 runs, 2 hits, 0 errors, 2 left on base; Roswell 2 - Joplin 0
TOP OF THE 8TH
Roswell Invaders batting - Pitching for Joplin Blasters : RHP Robert Carlos
Now at 1B: Mike McClung
Batting: LHB Marshall Rives 0-0: Ball
1-0: Swinging Strike
1-1: Foul Ball, location: 2F
1-2: Ball
2-2: Strikes out looking
Batting: RHB T.J. House 0-0: Ball
1-0: Ball
2-0: Called Strike
2-1: Foul Ball, location: 2F
2-2: Strikes out swinging
Batting: RHB Juan Mejia 0-0: Ball
1-0: Called Strike
1-1: Foul Ball, location: 2F
1-2: Ball
2-2: Ground out 4-3 (Groundball, 4, EV 100.0 MPH)
Top of the 8th over - 0 runs, 0 hits, 0 errors, 0 left on base; Roswell 2 - Joplin 0
BOTTOM OF THE 8TH
Joplin Blasters batting - Pitching for Roswell Invaders : RHP Mamadou Morand
Pinch Hitting: RHB Carlos Castillo 0-0: Ground out 4-3 (Groundball, 4, EV 88.1 MPH)
Pinch Hitting: RHB Cody Marshall 0-0: Called Strike
0-1: SINGLE (Groundball, 6MD, EV 97.5 MPH)
Batting: RHB Donnie Bednarz 0-0: Ball
1-0: Ball
2-0: Swinging Strike
2-1: Foul Ball, location: 2F
2-2: Strikes out looking
Pinch Hitting: RHB Nate Brewer 0-0: Foul Ball, location: 2F
0-1: Ball
1-1: Foul Ball, location: 2F
1-2: Strikes out swinging
Bottom of the 8th over - 0 runs, 1 hit, 0 errors, 1 left on base; Roswell 2 - Joplin 0
TOP OF THE 9TH
Roswell Invaders batting - Pitching for Joplin Blasters : RHP Robert Carlos
Now at 2B: Cody Marshall
Now at 3B: Kevin Lea
Now in CF: Nate Brewer
Batting: LHB Andrew Moore 0-0: Ball
1-0: Ball
2-0: Called Strike
2-1: Foul Ball, location: 2F
2-2: Ball
3-2: SINGLE (Groundball, 34D, EV 98.8 MPH)
Batting: RHB Benjie Alejandro 0-0: Ball
1-0: Called Strike
1-1: Foul Ball, location: 2F
1-2: 2-RUN HOME RUN (Flyball, 9LD, EV 98.8 MPH), Distance : 359 ft
Pinch Hitting: RHB Jason Hanson 0-0: Swinging Strike
0-1: Ball
1-1: Ball
2-1: Called Strike
2-2: Ball
3-2: Base on Balls
Batting: LHB Matt Tanner 0-0: Ball
1-0: Ball
2-0: Foul Ball, location: 2F
2-1: Foul Ball, location: 2F
2-2: Ball
3-2: Base on Balls
Jason Hanson to second
Pitching: RHP Rade Mamula
Batting: RHB Hidemitsu Matsuno 0-0: Called Strike
0-1: Swinging Strike
0-2: Strikes out swinging
Batting: SHB Sandy Burke 0-0: Ball
1-0: Called Strike
1-1: Fly out, F9 (Flyball, 9S, EV 81.2 MPH)
Batting: LHB Marshall Rives 0-0: Swinging Strike
0-1: DOUBLE (Line Drive, 7LD, EV 100.0 MPH)
Jason Hanson scores
Matt Tanner to third
Batting: RHB T.J. House 0-0: Ball
1-0: Ball
2-0: Called Strike
2-1: Fly out, F7 (Flyball, 7D, EV 101.9 MPH)
Top of the 9th over - 3 runs, 3 hits, 0 errors, 2 left on base; Roswell 5 - Joplin 0
BOTTOM OF THE 9TH
Joplin Blasters batting - Pitching for Roswell Invaders : RHP Mamadou Morand
Now in LF: Ivan Cortez
Batting: RHB Mike Stokes 0-0: Ball
1-0: Called Strike
1-1: Called Strike
1-2: Ball
2-2: SINGLE (Groundball, 34D, EV 96.9 MPH)
Batting: RHB Dustin Peterson 0-0: Called Strike
0-1: Ball
1-1: Swinging Strike
1-2: Strikes out swinging
Pitching: RHP Adam Beltran
Batting: RHB Abban Sartika 0-0: Swinging Strike
0-1: SINGLE (Groundball, 6, EV 96.2 MPH)
Mike Stokes to second
Batting: RHB Mike McClung 0-0: Ball
1-0: Ball
2-0: Called Strike
2-1: Ball
3-1: Fly out, F8 (Line Drive, 8LM, EV 96.2 MPH)
Pinch Hitting: RHB Colin Padgett 0-0: Called Strike
0-1: Ball
1-1: Foul Ball, location: 2F
1-2: TRIPLE (Flyball, 78XD, EV 94.4 MPH)
Mike Stokes scores
Abban Sartika scores
Pitching: LHP Tim Voshell
Batting: RHB Kevin Lea 0-0: Ball
1-0: Foul Ball, location: 2F
1-1: Ball
2-1: DOUBLE (Line Drive, 78D, EV 108.1 MPH)
Colin Padgett scores
Batting: RHB Cody Marshall 0-0: Ball
1-0: Swinging Strike
1-1: Ball
2-1: Ball
3-1: Base on Balls
Batting: RHB Donnie Bednarz 0-0: Ball
1-0: Fly out, F8 (Flyball, 8LM, EV 86.2 MPH)
Bottom of the 9th over - 3 runs, 4 hits, 0 errors, 2 left on base; Roswell 5 - Joplin 3
Sunday, July 16th , 2023 - OOTP Baseball 24.6 Build 69